 Dungeon Crawl Stone Soup version 0.32-a0-975-g85d4e5bfdb (webtiles) character file.

Game seed: 5066396287852265272

133 Maxmaps the Caller (level 4, -2/34 HPs)
             Began as a Demonspawn Summoner on Apr 19, 2024.
             Slain by Terence
             ... wielding a +0 flail
              (10 damage)
             ... on level 3 of the Dungeon.
             The game lasted 00:03:44 (2197 turns).

Maxmaps the Caller (Demonspawn Summoner)            Turns: 2197, Time: 00:03:44

Health: -2/34      AC:  6    Str:  8    XL:     4   Next: 94%
Magic:  5/7        EV:  9    Int: 17    God:
Gold:   229        SH:  6    Dex: 14    Spells: 4/7 levels left

rFire   + . .        d - +0 dagger
rCold   . . .        (no shield)
rNeg    . . .        f - +0 ring mail
rPois   .            g - +0 helmet
rElec   .            (no cloak)
rCorr   .            (no gloves)
SInv    .            (no boots)
Will    .....        (no amulet)
Stlth   +            h - ring of protection from fire
HPRegen 0.25/turn    (no ring)
MPRegen 0.10/turn

%: no passive effects
@: no status effects
A: large bone plates 2
a: no special abilities


You were on level 3 of the Dungeon.
You visited 1 branch of the dungeon, and saw 3 of its levels.

You collected 229 gold pieces.

Inventory:

Hand Weapons
 d - a +0 dagger (weapon)
 i - a +3 shortbow
Armour
 a - a +0 robe
 f - a +0 ring mail (worn)
 g - a +0 helmet (worn)
Jewellery
 h - a ring of protection from fire (left hand)
Wands
 k - a wand of charming (9)
Scrolls
 c - a scroll of enchant weapon {unknown}
 j - 3 scrolls of identify {unknown}
 l - a scroll of fog {unknown}
 n - a scroll of fear {unknown}
 p - 2 scrolls of revelation {unknown}
Potions
 b - a potion of magic
 e - 2 potions of curing {unknown}
 m - a potion of heal wounds {unknown}
 o - a potion of might {unknown}


   Skills:
 - Level 2.3 Fighting
 - Level 1.7 Dodging
 - Level 1.7 Stealth
 - Level 2.0 Spellcasting
 + Level 5.7 Summonings


You had 4 spell levels left.
You knew the following spells:

 Your Spells              Type           Power      Damage    Failure   Level
a - Summon Small Mammal   Summ           84%        N/A       6%          1
b - Call Imp              Summ           42%        N/A       9%          2

Your spell library contained the following spells:

 Spells                   Type           Power      Damage    Failure   Level
 Call Canine Familiar     Summ           21%        N/A       17%         3
 Dazzling Flash           Conj/Hex       2%         N/A       87%         3
 Fugue of the Fallen      Necr           1%         N/A       87%         3
 Ozocubu's Armour         Ice            1%         N/A       87%         3
 Summon Blazeheart Golem  Fire/Summ      11%        N/A       88%         4
 Summon Lightning Spire   Summ/Air       11%        N/A       88%         4
 Dispersal                Tloc           0%         N/A       100%        6
 Gell's Gavotte           Tloc           0%         2d(11-16) 100%        6
 Starburst                Conj/Fire      0%         6d3       100%        6
 Manifold Assault         Tloc           0%         N/A       100%        7
 Disjunction              Tloc           0%         N/A       100%        8
 Fulsome Fusillade        Conj/Alch      0%         (3-5)d4   100%        8


Dungeon Overview and Level Annotations

Branches:
Dungeon (3/15)

Altars:

Annotations:
D:3 Terence


Innate Abilities, Weirdness & Mutations

You are mostly covered in large bone plates. (SH +6)


Message History

You block Terence's attack.
Your quokka bites Terence but does no damage.
Your cerulean imp hits Terence with a -2 spear.
You hit Terence but do no damage.
Terence is heavily wounded.
You block Terence's attack.
Your quokka bites Terence.
Your cerulean imp hits Terence but does no damage.
You hit Terence but do no damage.
Terence is heavily wounded.
Terence closely misses you.
Your quokka bites Terence but does no damage.
Your cerulean imp closely misses Terence.
You hit Terence but do no damage.
Terence is heavily wounded.
Terence barely misses you.
Your quokka barely misses Terence.
Your cerulean imp hits Terence but does no damage.
You hit Terence but do no damage.
Terence is heavily wounded.
Your quokka bites Terence but does no damage.
Terence hits you with a +0 flail!
Your quokka barely misses Terence.
Your cerulean imp hits Terence but does no damage.
You hit Terence but do no damage.
Terence is heavily wounded.
You block Terence's attack.
Your quokka bites Terence but does no damage.
Your cerulean imp closely misses Terence.
You hit Terence but do no damage.
Terence is heavily wounded.
Your cerulean imp disappears in a puff of smoke!
Terence barely misses you.
Your quokka barely misses Terence.
You hit Terence but do no damage.
Terence is heavily wounded.
Terence hits you with a +0 flail!
* * * LOW HITPOINT WARNING * * *
Your quokka bites Terence but does no damage.
You hit Terence but do no damage.
Terence is moderately wounded.
Your quokka bites Terence.
Terence hits you with a +0 flail!
You die...
Terence says, "That felt goooood."

#. #.# #..†..#
##.......#.###...###
###................#
.'.................
#.........####...#
#.......# #..##
#.....# #.###### #@r.#
#.##...## #@#
#.#.....# #.#
#.......# #.#
###..<..# ##.##
##...## ##...## ##.##
#.....# ######.#
##...## #......#
#######.#######.######
................#


You could see Terence (ally target) and a friendly quokka (summoned).

Vanquished Creatures
  Jessica (D:3)
  2 gnolls (D:2)
  2 endoplasms (D:2)
  A giant cockroach (D:1)
  A hobgoblin (D:2)
  A quokka (D:2)
  5 ball pythons
  A bat (D:1)
  6 frilled lizards
  3 goblins
  3 rats (D:2)
26 creatures vanquished.

Vanquished Creatures (collateral kills)
  An orc wizard (D:3)
  A gnoll (D:2)
  A dart slug (D:1)
  2 orcs (D:3)
  A ball python (D:3)
  2 bats (D:1)
  3 endoplasms
  2 giant cockroaches
  2 goblins (D:1)
  2 hobgoblins
  2 quokkas (D:1)
  2 kobolds (D:1)
  3 rats
24 creatures vanquished.

Grand Total: 50 creatures vanquished

Notes
Turn   | Place    | Note
-------+----------+-------------------------------------------
     0 | D:1      | Maxmaps the Demonspawn Summoner began the quest for the
                  | Orb.
     0 | D:1      | Reached XP level 1. HP: 13/13 MP: 3/3
    69 | D:1      | Reached skill level 1 in Fighting
   127 | D:1      | Gained mutation: You are partially covered in large bone
                  | plates. (SH +4) [demonic ancestry]
   127 | D:1      | Reached XP level 2. HP: 4/22 MP: 1/5
   222 | D:1      | Learned a level 2 spell: Call Imp
   345 | D:1      | Found a faded altar of an unknown god.
  1063 | D:2      | Gained mutation: You are mostly covered in large bone
                  | plates. (SH +6) [demonic ancestry]
  1063 | D:2      | Reached XP level 3. HP: 28/28 MP: 3/6
  1416 | D:2      | Reached XP level 4. HP: 26/34 MP: 4/7
  1580 | D:2      | Reached skill level 5 in Summonings
  1889 | D:3      | Noticed Jessica
  1908 | D:3      | Killed Jessica
  1935 | D:3      | Noticed Terence
  2197 | D:3      | Slain by Terence

Illustrated notes

Levels and vault maps discovered:
D:1:      minmay_arrival_open_corners, layout_basic,
          hellmonk_ecumenical_altar_pennies_from_heaven, minmay_misc_feat_room,
          minivault_11, wander_ebering_terrifying_dragon_lair
D:2:      minmay_spotlight, layout_basic
D:3:      layout_loops_corners, uniq_terence, uniq_jessica, uniq_natasha

Skill      XL: |  1  2  3  4 |
---------------+-------------+-----
Fighting       | 1 2 |  2.3
Summonings     | 5 |  5.7
Dodging        | |  1.7
Stealth        | |  1.7
Spellcasting   | |  2.0

Action                     |  1- 3 |  4- 6 || total
---------------------------+-------+-------++-------
  Melee: Unarmed           |    26 |       ||    26
         Dagger            |   115 |    98 ||   213
   Cast: Summon Small Mamm |    22 |     5 ||    27
         Call Imp          |     9 |     5 ||    14
   Stab: Distracted        |     1 |       ||     1
         Sleeping          |     1 |       ||     1
 Armour: Robe              |    41 |       ||    41
         Ring mail         |    51 |    65 ||   116
  Dodge: Dodged            |    63 |    25 ||    88
  Block: Other             |    31 |    23 ||    54

Table legend: (Time is in decaauts)
 A = Elapsed time spent in this place.
 B = Non-inter-level travel time spent in this place.
 C = Inter-level travel time spent in this place.
 D = Time resting spent in this place.
 E = Time spent auto-exploring this place.
 F = Levels seen in this place.
 G = Mean time per level.
                   A        B        C        D        E       F      G
               +--------+--------+--------+--------+--------+-----+--------+
         Total |   2196 |   2104 |     92 |    218 |   1351 |   3 |  732.0 |
       Dungeon |   2196 |   2104 |     92 |    218 |   1351 |   3 |  732.0 |
               +--------+--------+--------+--------+--------+-----+--------+

Top non-repeatable levels by time:
     D:1: 1051 daAuts
     D:2: 971 daAuts
     D:3: 173 daAuts
